 Dungeon Crawl Stone Soup version bcrawl-1.40 (webtiles) character file.

Game seed: 12095652482872799800

101949 Mehrunes the Magician (level 2, -1/21 HPs)
             Began as a Mummy Wizard on Oct 22, 2023.
             Slain by a gnoll
             ... wielding a +0 spear
              (9 damage)
             ... on level 1 of the Dungeon.
             The game lasted 00:03:17 (919 turns).

Mehrunes the Magician (Mummy Wizard)                 Turns: 919, Time: 00:03:18

Health: -1/21      AC:  2    Str: 10    XL:     2   Next: 75%
Magic:  1/7        EV: 12    Int: 17    God:
Gold:   69         SH:  3    Dex: 10    Spells: 8/9 levels left

rFire    x . .     GDR:     22% a - +0 staff
rCold    + . .     SeeInvis .   (no shield)
rNeg     + + +     Gourm    .   b - +0 robe
rPois    ∞         Faith    .   c - +0 hat
rElec    .         Spirit   .   (no cloak)
rCorr    .         Reflect  +   (no gloves)
MR       .....     Clarity  +   (no boots)
Stlth    ++........             e - +3 amulet of reflection
HPRegen  0.13/turn              (no ring)
MPRegen  0.10/turn              (no ring)

@: very slightly contaminated
A: no food or potions, fire vulnerability, clarity, cold resistance 1, negative
energy resistance 3, torment resistance, unbreathing, strong hexes 1
a: no special abilities


You were on level 1 of the Dungeon.
You were not hungry.

You visited 1 branch of the dungeon, and saw 1 of its levels.

You collected 69 gold pieces.

Inventory:

Hand Weapons
 a - a +0 staff (weapon)
Armour
 b - a +0 robe (worn)
 c - a +0 hat (worn)
Jewellery
 e - a +3 amulet of reflection (around neck)
Scrolls
 d - a scroll of enchant armour {unknown}
 f - 2 scrolls of enchant weapon {unknown}
 i - a scroll of identify


   Skills:
 + Level 1.2 Fighting
 + Level 2.0 Dodging
 - Level 2.1 Stealth
 - Level 4.0 Spellcasting
 + Level 1.4 Conjurations
   Level 0.7 Summonings
   Level 0.7 Translocations


You had 8 spell levels left.
You knew the following spells:

 Your Spells              Type           Power        Failure   Level  Hunger
a - Magic Dart            Conj           #...         9%          1    N/A

Your spell library contained the following spells:

 Spells                   Type           Power        Failure   Level  Hunger
 Blink                    Tloc           N/A          19%         2    N/A
 Call Imp                 Summ           #.....       19%         2    N/A
 Conjure Flame            Conj/Fire      #.......     34%         3    N/A
 Mephitic Cloud           Conj/Pois/Air  #.......     36%         3    N/A
 Spider Form              Tmut/Pois      Unusable     N/A         3    N/A

Dungeon Overview and Level Annotations

Branches:
Dungeon (1/12)

Altars:
Ashenzari


Innate Abilities, Weirdness & Mutations

You do not eat or drink.
Your flesh is vulnerable to fire.
You are immune to poison.
You possess an exceptional clarity of mind.
Your flesh is cold resistant. (rC+)
You are immune to negative energy. (rN+++)
You are immune to unholy pain and torment.
You can survive without breathing.
Your hexes are more powerful.


Message History

The gnoll is heavily wounded.
The gnoll closely misses you.
Casting: Magic Dart (safe; 9% risk of failure)
Confirm with . or Enter, or press ? or * to list all spells.
Aiming: Magic Dart (safe; 9% risk of failure)
Press: ? - help, Shift-Dir - straight line, f/p - gnoll
Aim: a gnoll, wielding a +0 spear (heavily wounded)
You miscast Magic Dart.
You are very lightly contaminated with residual magic.
Your skin tingles.
The gnoll hits you from afar with a +0 spear!
Casting: Magic Dart (safe; 9% risk of failure)
Confirm with . or Enter, or press ? or * to list all spells.
Aiming: Magic Dart (safe; 9% risk of failure)
Press: ? - help, Shift-Dir - straight line, f/p - gnoll
Aim: a gnoll, wielding a +0 spear (heavily wounded)
The magic dart hits the gnoll.
The gnoll is severely wounded.
The gnoll hits you from afar with a +0 spear!
You die...

#.# #%........##### #.#
#.####........# #.# #.#
#........# #########.# #.#
#........# .......##.# #.#
#(.......# ######.##.####.#
####'##### #.#.......# #.#
#.###############.# ###
#........g.@......# #.#
################### #.#####
######## ......# #......###
#.##..# #.[....#..
..##..########......#.###########
...............%....+÷...........
#####..######.......#.#.#########
#..# #.......#.#.# ..


You could see a gnoll.

Vanquished Creatures
  2 dart slugs (D:1)
  2 leopard geckos (D:1)
  4 bats (D:1)
  A giant cockroach (D:1)
  2 hobgoblins (D:1)
  A frilled lizard (D:1)
  2 goblins (D:1)
  A kobold (D:1)
  2 rats (D:1)
17 creatures vanquished.

Notes
Turn   | Place    | Note
-------+----------+-------------------------------------------
     0 | D:1      | Mehrunes the Mummy Wizard began the quest for the Orb.
     0 | D:1      | Reached XP level 1. HP: 13/13 MP: 5/5
   106 | D:1      | Found a shattered altar of Ashenzari.
   301 | D:1      | Reached skill level 1 in Conjurations
   403 | D:1      | Reached XP level 2. HP: 20/20 MP: 2/7
   669 | D:1      | Reached skill level 1 in Fighting
   919 | D:1      | Slain by a gnoll

Skill      XL: |  1  2 |
---------------+-------+-----
Conjurations   | 1 |  1.4
Fighting       | 1 |  1.2
Dodging        | 2 |  2.0
Stealth        | |  2.1
Spellcasting   | |  4.0
Summonings     | |  0.7
Translocations | |  0.7

Action                   || total
-------------------------++-------
Melee: Staff             ||    11
 Cast: Magic Dart        ||    58
  Use: Scroll            ||     1
Armor: Robe              ||     8
Dodge: Dodged            ||    33
Block: Other             ||     4
